 Dungeon Crawl Stone Soup version 0.19-a0-628-g9200b3b (webtiles) character file.

512 Stormphoenix the Basher (level 7, -1/70 HPs)
             Began as an Ogre Fighter on June 13, 2016.
             Was a Follower of Okawaru.
             Killed by divine providence
             ... invoked by an orc priest
              (13 damage)
             ... on level 4 of the Dungeon.
             The game lasted 00:06:01 (3416 turns).

Stormphoenix the Basher (Ogre Fighter)              Turns: 3416, Time: 00:06:01

Health: -1/70      AC:  4    Str: 24    XL:     7   Next: 19%
Magic:  7/7        EV:  8    Int:  7    God:    Okawaru [*.....]
Gold:   186        SH:  8    Dex:  9    Spells: 0 memorised, 6 levels left

rFire  . . .     SeeInvis .     a - +0 flail
rCold  . . .     Gourm    .     b - +1 robe
rNeg   . . .     Faith    .     c - +0 shield
rPois  .         Spirit   .     (helmet restricted)
rElec  .         Dismiss  .     (no cloak)
rCorr  .         Reflect  .     (gloves unavailable)
SustAt .         Harm     .     (boots unavailable)
MR     .....                    (no amulet)
Stlth  +.........               (no ring)
                                (no ring)

@: not resistant to hostile enchantments, very unstealthy
A: unfitting armour, tough skin 1
a: Heroism, Renounce Religion


You were on level 4 of the Dungeon.
You worshipped Okawaru.
Okawaru was aware of your devotion.
You were not hungry.

You visited 1 branch of the dungeon, and saw 4 of its levels.

You collected 186 gold pieces.

Inventory:

Hand Weapons
 a - a +0 flail (weapon)
 e - a +0 giant club
Armour
 b - a +1 robe (worn)
 c - a +0 shield (worn)
Scrolls
 i - 3 scrolls of identify
Potions
 g - 2 potions of curing
Comestibles
 d - a beef jerky
 f - 3 bread rations
 j - a meat ration


   Skills:
 - Level 4.0 Fighting
 + Level 10.0 Maces & Flails
 - Level 2.6 Dodging
 - Level 2.6 Shields


You had 6 spell levels left.
You didn't know any spells.

Dungeon Overview and Level Annotations

Branches:
Dungeon (4/15)
 Temple: D:4-7

Altars:
Ashenzari
Dithmenos
Hepliaklqana
Makhleb
Nemelex Xobeh
Okawaru
Ru
Sif Muna
Xom
The Shining One

Annotations:
D:4 Pikel


Innate Abilities, Weirdness & Mutations

You are too large for most types of armour.
You have tough skin. (AC +1)


Message History

The quokka closely misses you. You block the quokka's attack.
You closely miss the iguana. The iguana bites you!
You barely miss the iguana. You block the iguana's attack.
Your shield prevents you from hitting the iguana.
The iguana bites you!
You closely miss the iguana. The iguana bites you!
* * * LOW HITPOINT WARNING * * *
Okay, then.
The iguana barely misses you.
The iguana hisses menacingly.
You hear the quick rusting of a distant drain.
An orc comes into view. It is wielding a club.
The orc shouts!
An orc and an orc priest come into view.
The orc shouts!
The orc priest shouts!
The orc priest miscasts a cantrip.
An orc comes into view. It is wielding a club.
The orc priest calls down the wrath of Beogh upon you.
Beogh smites you!
You die...

.....#.......
..#..................
o..o........#.##.#p.
.................)..
.o.... #........#.
#....>( #..#..p###.
.o. ...#..#...# #.
#.# #.....##..###.
#@# #............ #l#
#......p##$.# #.##
#............ #K.#
#.........#.. ##.#
#......##.... #p#
#..#####..### #p#
#..##.p..##
#r###..K.p####
#...#.#..##


You could see Pikel, 2 slaves, an iguana, an orc priest, 3 orcs and a quokka.

Vanquished Creatures
  Duvessa (D:4)
  A slave (D:4)
  An ogre (D:4)
  Dowan (D:4)
  A hound (D:4)
  2 orc wizards
  5 adders
  7 gnolls (D:3)
  An adder skeleton (D:4)
  3 worms
  5 dart slugs
  3 giant geckos
  8 orcs
  7 bats
  4 giant cockroaches
  4 goblins
  10 hobgoblins
  6 jackals
  A kobold (D:1)
  A giant gecko skeleton (D:4)
  3 giant newts
  6 rats
81 creatures vanquished.

Notes
Turn   | Place    | Note
--------------------------------------------------------------
     0 | D:1      | Stormphoenix the Ogre Fighter began the quest for the Orb.
     0 | D:1      | Reached XP level 1. HP: 24/24 MP: 1/1
    28 | D:1      | Reached skill level 3 in Maces & Flails
   170 | D:1      | Reached XP level 2. HP: 30/32 MP: 2/2
   237 | D:1      | Reached skill level 4 in Maces & Flails
   608 | D:2      | Reached XP level 3. HP: 18/39 MP: 3/3
   855 | D:2      | Found an iron altar of Okawaru.
   865 | D:2      | Became a worshipper of Warmaster Okawaru
   896 | D:2      | Reached skill level 5 in Maces & Flails
   930 | D:2      | Found a shadowy altar of Dithmenos.
  1003 | D:2      | Found a shimmering altar of Xom.
  1004 | D:2      | Found a hazy altar of Hepliaklqana.
  1010 | D:2      | Noticed a spectral ugly thing
  1025 | D:2      | Reached XP level 4. HP: 24/48 MP: 4/4
  1637 | D:2      | Reached skill level 6 in Maces & Flails
  1720 | D:3      | Found a sparkling altar of Nemelex Xobeh.
  1768 | D:3      | Reached XP level 5. HP: 19/54 MP: 5/5
  2259 | D:3      | Found a shattered altar of Ashenzari.
  2322 | D:3      | Reached skill level 7 in Maces & Flails
  2583 | D:3      | Reached skill level 8 in Maces & Flails
  2598 | D:3      | Reached XP level 6. HP: 60/62 MP: 6/6
  2645 | D:3      | Found a deep blue altar of Sif Muna.
  2645 | D:3      | Found a sacrificial altar of Ru.
  2883 | D:3      | Found a burning altar of Makhleb.
  2885 | D:3      | Found a glowing golden altar of the Shining One.
  3007 | D:4      | Noticed Duvessa
  3011 | D:4      | Noticed Dowan
  3061 | D:4      | Killed Dowan
  3061 | D:4      | Reached * piety under Okawaru
  3077 | D:4      | HP: 3/62 [Duvessa/rapier (4)]
  3081 | D:4      | Killed Duvessa
  3081 | D:4      | Reached skill level 9 in Maces & Flails
  3183 | D:4      | Reached XP level 7. HP: 20/70 MP: 7/7
  3209 | D:4      | Reached skill level 10 in Maces & Flails
  3364 | D:4      | Noticed Pikel
  3416 | D:4      | Killed from afar by an orc priest

Vault maps used:
D:1:      dpeg_arrival_rooms_c
D:2:      regret_index_temple_of_mockery, lemuel_round_altar,
          lemuel_coloured_pillars_altar
D:3:      cheibrodos_ashenzari_chains, gammafunk_temple_overflow_statue,
          gammafunk_temple_overflow_wave, first_bread,
          nemelex_spade_bored_becter
D:4:      grunt_temple_overflow_growth_and_decay, gup_sewer_entry_bowl,
          uniq_pikel, uniq_eustachio, uniq_duvessa

Skill      XL: |  1  2  3  4  5  6  7 |
---------------+----------------------+-----
Maces & Flails | 3 4 5 6 8 9 10 | 10.0
Fighting       | |  4.0
Dodging        | |  2.6
Shields        | |  2.6

Action                   |  1- 3 |  4- 6 |  7- 9 || total
-------------------------+-------+-------+-------++-------
Melee: Flail             |   102 |   161 |    24 ||   287
Invok: Heroism           |       |     1 |       ||     1
  Use: Scroll            |     4 |     2 |       ||     6
       Potion            |       |     7 |       ||     7
 Stab: Sleeping          |     1 |     1 |       ||     2
  Eat: Chunk             |       |     2 |     1 ||     3
       Meat ration       |       |     1 |       ||     1
Armor: Robe              |    23 |    40 |     4 ||    67
Dodge: Dodged            |    38 |    69 |     6 ||   113
Block: Shield            |    40 |    93 |     8 ||   141
